 Dungeon Crawl Stone Soup version 0.19.0-22-gd96e5fe (webtiles) character file.

62 grisgris the Cudgeler (level 4, -2/28 HPs)
             Began as a Gargoyle Monk on Nov 19, 2016.
             Slain by a gnoll
             ... wielding a +0 whip
              (7 damage)
             ... on level 2 of the Dungeon.
             The game lasted 00:02:42 (1341 turns).

grisgris the Cudgeler (Gargoyle Monk)               Turns: 1341, Time: 00:02:43

Health: -2/28      AC:  9    Str: 15    XL:     4   Next: 8%
Magic:  4/4        EV:  6    Int: 11    God:
Gold:   96         SH:  0    Dex: 12    Spells: 0 memorised, 3 levels left

rFire  + . .     SeeInvis .     a - +0 mace
rCold  + . .     Gourm    .     d - +0 ring mail
rNeg   + . .     Faith    .     (no shield)
rPois  ∞         Spirit   .     (no helmet)
rElec  +         Reflect  .     (no cloak)
rCorr  +         Harm     .     (no gloves)
MR     .....                    k - +0 pair of boots
Stlth  +.........               (no amulet)
                                (no ring)
                                (no ring)

@: resistant, held
A: negative energy resistance 1, electricity resistance, unbreathing,
petrification resistance, rot immunity, AC +3
a: no special abilities


You were on level 2 of the Dungeon.
You were not hungry.

You visited 1 branch of the dungeon, and saw 2 of its levels.

You collected 96 gold pieces.

Inventory:

Hand Weapons
 a - a +0 mace (weapon)
Armour
 b - a +0 robe
 d - a +0 ring mail (worn)
 k - a +0 pair of boots (worn)
Scrolls
 e - 2 scrolls of immolation {unknown}
 f - a scroll of amnesia {unknown}
 m - a scroll of fog {unknown}
 n - a scroll of identify {unknown}
Potions
 h - a potion of curing
 l - a potion of lignification {unknown}
Comestibles
 c - 3 bread rations
 g - 3 meat rations


   Skills:
 + Level 3.5 Fighting
 + Level 4.2 Maces & Flails
 + Level 0.2 Armour
 + Level 2.8 Dodging
 - Level 2.1 Stealth


You had 3 spell levels left.
You didn't know any spells.

Dungeon Overview and Level Annotations

Branches:
Dungeon (2/15)

Altars:


Innate Abilities, Weirdness & Mutations

You are resistant to torment.
Your stone body is resilient. (AC +3)
You are immune to poison.
You resist negative energy. (rN+)
You are resistant to electric shocks. (rElec)
You can survive without breathing.
You are immune to petrification.
You are immune to rotting.


Message History

The gnoll closely misses you. The gnoll hits you but does no damage.
It was a potion of curing.
You feel better. The gnoll closely misses you.
The gnoll hits you but does no damage. The gnoll hits you with a whip.
It was a potion of resistance.
You feel protected. The gnoll closely misses you.
The gnoll hits you but does no damage. The gnoll misses you.
The gnoll throws a stone.
The stone hits you but does no damage. The gnoll closely misses you.
You see here a stone.
The gnoll throws a throwing net.
The throwing net hits you.
You become entangled in the net!
You see here a throwing net.
You struggle against the net.
You struggle against the net.
You struggle against the net.
The gnoll hits you with a flail.
* * * LOW HITPOINT WARNING * * *
You struggle against the net.
The gnoll barely misses you. The gnoll hits you with a whip!
You die...

#...# ....# #...# #....
####.## #.#.# .#..
......###### #.#.#.....
............###.#..$....
......#####......# ....
.##...#####..##.l##..#..
.##...........gggg......
...(..#####..#.#@#######
.###..#####......#
............##.###
###...########.# ##...##
#.# #.....# #.# #.....#
##.# #.....# #..#
#.....# #.##


You could see 4 gnolls and a leopard gecko.

Vanquished Creatures
  An adder (D:2)
  2 oozes (D:1)
  4 dart slugs
  3 leopard geckos
  3 goblins
  6 hobgoblins
  5 bats
  2 frilled lizards (D:1)
  5 kobolds (D:1)
  3 rats
  A plant (D:1)
35 creatures vanquished.

Notes
Turn   | Place    | Note
-------+----------+-------------------------------------------
     0 | D:1      | grisgris the Gargoyle Monk began the quest for the Orb.
     0 | D:1      | Reached XP level 1. HP: 14/14 MP: 1/1
   150 | D:1      | Reached XP level 2. HP: 19/19 MP: 2/2
   492 | D:1      | Reached XP level 3. HP: 23/23 MP: 3/3
  1258 | D:2      | Reached skill level 4 in Maces & Flails
  1258 | D:2      | Reached XP level 4. HP: 28/28 MP: 4/4
  1341 | D:2      | Slain by a gnoll

Skill      XL: |  1  2  3 |
---------------+----------+-----
Maces & Flails | 4 |  4.2
Fighting       | |  3.5
Armour         | |  0.2
Dodging        | |  2.8
Stealth        | |  2.1

Action                   |  1- 3 |  4- 6 || total
-------------------------+-------+-------++-------
Melee: Mace              |   136 |     8 ||   144
  Use: Potion            |       |     2 ||     2
 Stab: Sleeping          |     1 |       ||     1
  Eat: Chunk             |     1 |     1 ||     2
Armor: Robe              |     8 |       ||     8
       Ring mail         |    39 |    10 ||    49
Dodge: Dodged            |    75 |    15 ||    90
